 Dungeon Crawl Stone Soup version 0.26.1-10-gdfb7c7de75 (webtiles) character file.

Game seed: 5116777606159142595

127877 jifgo the Eclecticist (level 16, -1/97 HPs)
             Began as a Deep Elf Fire Elementalist on Apr 8, 2021.
             Was a High Priest of Vehumet.
             Slain by a thorn hunter (16 damage)
             ... on level 3 of the Swamp on Apr 9, 2021.
             The game lasted 02:49:09 (43285 turns).

jifgo the Eclecticist (Deep Elf Fire Elementalist) Turns: 43285, Time: 02:49:09

Health: -1/97      AC: 15    Str:  9    XL:     16   Next: 47%
Magic:  32/37      EV: 22    Int: 32    God:    Vehumet [*****.]
Gold:   2361       SH:  6    Dex: 15    Spells: 6/45 levels left

rFire    + + +     SeeInvis +   W - staff of fire
rCold    x . .     Faith    .   Z - +0 buckler
rNeg     + . .     Spirit   .   o - +2 robe {rF+}
rPois    .         Reflect  .   c - +2 helmet
rElec    .         Harm     .   Y - +2 cloak
rCorr    .         Rampage  .   l - +2 pair of gloves
Will     +....                  (no boots)
Stlth    +++++.....             B - amulet of magic regeneration
HPRegen  0.26/turn              H - ring of fire
MPRegen  0.50/turn              R - ring "Okoucku" {rN+ Str+4 Int+4 SInv}

@: lethally poisoned (-1 -> -8), studying 2 skills
A: no striking features
a: Renounce Religion


You were on level 3 of the Swamp.
You worshipped Vehumet.
Vehumet was extremely pleased with you.
You visited 5 branches of the dungeon, and saw 27 of its levels.
You also visited: Gauntlet.

You collected 3970 gold pieces.
You spent 1609 gold pieces at shops.

Inventory:

Hand Weapons
 L - a +5 vorpal broad axe
 X - the +8 dagger of Fragile Peace {venom, +Fly Str-3 Int+4 Stlth+}
   (You found it on level 3 of the Swamp)

   It poisons the flesh of those it strikes.
   It affects your strength (-3).
   It affects your intelligence (+4).
   It lets you fly.
   It makes you more stealthy.
Armour
 c - a +2 helmet (worn)
 l - a +2 pair of gloves (worn)
 o - a +2 robe of fire resistance (worn)
 Y - a +2 cloak (worn)
 Z - a +0 buckler (worn)
Magical Staves
 W - an uncursed staff of fire (weapon)
Jewellery
 i - an uncursed ring of poison resistance
 m - an uncursed ring of resist corrosion
 r - an uncursed ring of protection from cold
 A - an uncursed ring of ice
 B - an amulet of magic regeneration (around neck)
 E - an uncursed ring of willpower
 H - a ring of fire (left hand)
 P - a +6 ring of intelligence
 R - the ring "Okoucku" (right hand) {rN+ Str+4 Int+4 SInv}
   (You bought it in a shop on level 2 of the Orcish Mines)

   [ring of see invisible]

   It affects your strength (+4).
   It affects your intelligence (+4).
   It protects you from negative energy.
   It lets you see invisible.
 S - an uncursed ring of flight
Wands
 D - a wand of digging (10)
 K - a wand of iceblast (13)
 M - a wand of acid (9)
Scrolls
 b - 8 scrolls of enchant weapon
 e - 17 scrolls of remove curse
 g - 3 scrolls of magic mapping
 j - a scroll of vulnerability
 p - 3 scrolls of blinking
 s - 2 scrolls of silence
 u - a scroll of summoning
 x - 7 scrolls of fear
 y - 5 scrolls of immolation
 F - 4 scrolls of amnesia
 G - 4 scrolls of fog
 J - 2 scrolls of enchant armour
 N - 7 scrolls of teleportation
 Q - 2 scrolls of holy word
 V - a scroll of identify
Potions
 a - 4 potions of lignification
 d - 5 potions of heal wounds
 f - 3 potions of cancellation
 h - 7 potions of attraction
 k - 8 potions of flight
 n - 9 potions of curing
 q - 2 potions of haste
 t - 4 potions of brilliance
 w - a potion of mutation
 z - 6 potions of might
 C - 4 potions of magic
 O - a potion of berserk rage
 T - a potion of invisibility
 U - 6 potions of ambrosia
Books
 v - a manual of
Armour
 I - a manual of Shields


   Skills:
 + Level 10.2 Fighting
 + Level 10.1 Armour
 + Level 14.1 Dodging
 + Level 10.6 Stealth
 + Level 8.5 Shields
 + Level 15.2 Spellcasting
 - Level 11.0 Conjurations
 - Level 1.0 Translocations
 - Level 1.0 Transmutations
 + Level 13.2 Fire Magic
 + Level 6.0 Air Magic
 - Level 5.0 Earth Magic
 - Level 3.0 Poison Magic


You had 6 spell levels left.
You knew the following spells:

 Your Spells              Type           Power        Failure   Level
a - Conjure Flame         Conj/Fire      100%         1%          3
b - Blink                 Tloc           N/A          1%          2
c - Swiftness             Air            58%          1%          2
d - Mephitic Cloud        Conj/Pois/Air  61%          1%          3
e - Petrify               Tmut/Erth      43%          5%          4
f - Fireball              Conj/Fire      62%          1%          5
g - Olgreb's Toxic Radia  Pois           43%          1%          4
h - Conjure Ball Lightni  Conj/Air       34%          2%          6
i - Lightning Bolt        Conj/Air       34%          1%          5
j - Apportation           Tloc           60%          1%          1
k - Ignite Poison         Fire/Tmut/Pois 95%          1%          3
x - Foxfire               Conj/Fire      100%         0%          1

Your spell library contained the following spells:

 Spells                   Type           Power        Failure   Level
 Iron Shot                Conj/Erth      33%          3%          6
 Magic Dart               Conj           100%         0%          1
 Animate Skeleton         Necr           48%          1%          1
 Corona                   Hex            26%          1%          1
 Freeze                   Ice            96%          1%          1
 Pain                     Necr           96%          1%          1
 Shock                    Conj/Air       100%         1%          1
 Sting                    Tmut/Pois      100%         1%          1
 Summon Small Mammal      Summ           96%          1%          1
 Poisonous Vapours        Pois/Air       100%         1%          2
 Frozen Ramparts          Ice            48%          1%          3
 Inner Flame              Hex/Fire       100%         1%          3
 Static Discharge         Conj/Air       68%          1%          3
 Stone Arrow              Conj/Erth      100%         1%          3
 Airstrike                Air            29%          1%          4
 Hailstorm                Conj/Ice       56%          1%          4
 Sticky Flame             Conj/Fire      100%         1%          4
 Bolt of Magma            Conj/Fire/Erth 57%          1%          5
 Call Imp                 Summ           24%          2%          2
 Slow                     Hex            24%          2%          2
 Gell's Gravitas          Tloc           15%          3%          3
 Call Canine Familiar     Summ           24%          5%          3
 Confusing Touch          Hex            24%          5%          3
 Ozocubu's Armour         Ice            24%          5%          3
 Summon Guardian Golem    Hex/Summ       24%          5%          3
 Summon Lightning Spire   Summ/Air       43%          5%          4
 Freezing Cloud           Conj/Ice/Air   28%          7%          6
 Yara's Violent Unravell  Hex/Tmut       13%          11%         5
 Summon Ice Beast         Ice/Summ       24%          19%         4
 Metabolic Englaciation   Hex/Ice        12%          45%         5
 Simulacrum               Ice/Necr       12%          95%         6


Dungeon Overview and Level Annotations

Branches:
Dungeon (14/15)            Temple (1/1) D:6            Lair (6/6) D:9
  Swamp (4/4) Lair:3        Snake (0/4) Lair:4        Slime (0/5) Lair:6
    Orc (2/2) D:10            Elf (0/3) Orc:2        Vaults (0/5) D:14
Gauntlet (visited)

Altars:
Ashenzari
Cheibriados
Dithmenos
Elyvilon
Fedhas
Gozag
Hepliaklqana
Kikubaaqudgha
Makhleb
Nemelex Xobeh
Okawaru
Qazlal
Ru
Sif Muna
Trog
Uskayaw
Vehumet
Wu Jian
Xom
Yredelemnul
Zin
The Shining One
Beogh

Shops:
D:7 ?   D:9 (   Orc:2 :[}=

Annotations:
Orc:1 2 transporters, OhItsWolfy's ghost, journeyman HOFi


Message History

The swamp dragon barely misses you.
You climb upwards.
You feel sick.
There is a stone staircase leading down here.
Unknown command.
Casting: Fireball (safe; 1% risk of failure)
Confirm with . or Enter, or press ? or * to list all spells.
Aiming: Fireball (safe; 1% risk of failure)
Press: ? - help, Shift-Dir - straight line, f - you You feel a strong surge of power!
That beam is likely to hit you.
Continue anyway?
The fireball explodes!
The fireball engulfs you! You resist.
The fireball engulfs the thorn hunter!!!
The thorn hunter is burned terribly!
The thorn hunter is heavily damaged.
The fireball engulfs the swamp dragon!!!
The swamp dragon is almost dead.
You feel sick. The thorn hunter hits you!
* * * LOW HITPOINT WARNING * * *
The thorn hunter hits you!
You die...

♣♣♣♣♣♣♣♣ ♣♣♣♣♣ ♣♣♣♣♣♣♣ ♣♣.≈♣≈..♣♣
♣≈≈≈♣♣♣.≈...♣ ♣♣♣♣♣♣ ♣.≈≈..≈≈.♣
♣♣...≈..♣≈≈≈≈.
≈≈≈≈.♣♣♣#≈§§.≈≈≈.♣♣♣........≈≈≈≈≈
.../...≈##♣≈≈≈≈..D.≈≈...≈.≈.≈≈≈≈≈
≈≈≈≈)≈≈≈#.≈.≈≈..@§≈.♣≈≈≈..≈≈≈≈≈§.
≈≈≈§≈≈§.#..§.≈≈.f§≈♣♣♣...≈≈.≈≈≈≈≈
≈≈...........≈§≈♣♣♣♣♣♣...§..§≈≈≈≈
.[......##...≈≈≈♣ ♣♣♣.≈.....≈§≈≈≈
§..≈....##......♣♣♣≈.≈≈≈.....≈≈..
.≈###############≈♣♣≈≈≈≈.≈(.≈.≈.≈
♣#####.####.####.♣♣♣≈§≈.§≈.♣♣♣..≈
♣≈§≈....##....♣♣.♣♣♣..≈≈≈≈≈.♣♣♣♣≈
.≈§≈.........♣.≈≈..≈.≈.§≈≈≈.♣♣.≈≈


You could see a thorn hunter and a swamp dragon.

Vanquished Creatures
  A thorn hunter (Swamp:3)
  Nessos (D:12)
  2 entropy weavers
  A minotaur (Gauntlet)
  2 bunyips
  6 eleionomae
  An ettin (Orc:1)
  2 shambling mangroves
  13 hydras
  3 boulder beetles
  A ghost crab (Swamp:3)
  Erica (Lair:1)
  9 alligators
  4 two-headed ogres
  5 centaur warriors
  3 catoblepae
  8 death yaks (Lair:6)
  A queen ant (Lair:6)
  A deep troll shaman (Lair:6)
  4 spriggans
  The ghost of Gadrel the Covert, a novice OpFi of Gozag (Lair:1)
  6 skeletal warriors
  A fire crab (Lair:3)
  4 spriggan druids
  3 goliath frogs
  5 swamp dragons
  4 unseen horrors
  A bog body (Swamp:3)
  7 orc knights
  A lindwurm (Lair:6)
  An orc sorcerer (Orc:1)
  A harpy (shapeshifter) (D:14)
  3 cyclopes
  A deep elf mage (D:10)
  8 ugly things
  3 manticores
  An apocalypse crab (Gauntlet)
  5 elephants
  2 will-o-the-wisps
  A torpor snail (Lair:6)
  2 centaur zombies
  Psyche (D:9)
  10 cane toads
  A rime drake (Lair:4)
  11 komodo dragons
  7 kobold demonologists
  4 yaktaurs (D:14)
  An efreet (D:14)
  3 trolls
  3 polar bears
  9 hornets
  4 tyrant leeches
  A bloated husk (Swamp:3)
  15 blink frogs
  A slime creature (D:10)
  18 dream sheep
  A shadow (D:11)
  4 wyverns
  59 yaks
  A ynoxinul (D:8)
  2 basilisks
  10 vampire mosquitoes
  10 wargs
  21 soldier ants
  15 swamp worms
  11 water moccasins
  An acid dragon (D:13)
  4 swamp drakes
  44 orc warriors
  7 sky beasts
  4 black bears
  4 ice beasts
  A phantom (D:4)
  A black bear (shapeshifter) (D:13)
  10 ogres
  An eye of draining (D:13)
  4 boggarts (D:14)
  14 centaurs
  17 wolves
  15 big kobolds
  18 bullfrogs
  A gnoll sergeant (Orc:1)
  A wyvern zombie (D:6)
  2 wyvern skeletons
  5 scorpions
  4 killer bees
  12 wights
  8 howler monkeys
  A gnoll shaman (D:8)
  10 jellies
  4 hounds
  A bullfrog skeleton (D:12)
  5 centaur skeletons
  18 orc priests
  28 orc wizards
  Jessica (D:3)
  5 iguanas
  Terence (D:3)
  27 worker ants
  A hound zombie (D:6)
  Robin (D:3)
  A worker ant zombie (D:11)
  19 gnolls
  13 adders
  2 shadow imps
  4 white imps
  An ufetubus (D:7)
  4 oozes
  An adder zombie (D:9)
  2 worms (D:2)
  A dart slug (D:3)
  4 leopard geckos
  110 orcs
  5 giant cockroaches
  19 hobgoblins
  44 kobolds
  3 quokkas
  5 bats
  A frilled lizard (D:1)
  19 goblins
  5 rats
  13 briar patches
910 creatures vanquished.

Vanquished Creatures (others)
  A bloated husk (Swamp:4)
  An orc warrior (D:6)
  A swamp drake (Swamp:4)
  An eye of draining (D:14)
  7 ball lightnings
  767 foxfires
  49 fungi
  62 plants
889 creatures vanquished.

Grand Total: 1799 creatures vanquished

Notes
Turn   | Place    | Note
-------+----------+-------------------------------------------
     0 | D:1      | jifgo the Deep Elf Fire Elementalist began the quest for
                  | the Orb.
     0 | D:1      | Reached XP level 1. HP: 10/10 MP: 6/6
   198 | D:1      | Reached XP level 2. HP: 15/15 MP: 6/8
  1658 | D:2      | Reached XP level 3. HP: 20/20 MP: 5/9
  1751 | D:2      | Found a bloodstained altar of Trog.
  2029 | D:2      | Found a faded altar of an unknown god.
  2057 | D:2      | Learned a level 3 spell: Conjure Flame
  2500 | D:3      | Reached skill level 1 in Fighting
  2563 | D:3      | Reached XP level 4. HP: 11/25 MP: 8/11
  2774 | D:3      | Noticed Jessica
  2796 | D:3      | Killed Jessica
  2938 | D:3      | Reached skill level 4 in Spellcasting
  2987 | D:3      | Noticed Robin
  3123 | D:3      | Killed Robin
  3124 | D:3      | Reached XP level 5. HP: 27/29 MP: 9/13
  3136 | D:3      | Learned a level 5 spell: Fireball
  3245 | D:3      | Noticed Terence
  3274 | D:3      | Killed Terence
  3731 | D:3      | Reached XP level 6. HP: 14/32 MP: 10/14
  4696 | D:5      | Entered Level 5 of the Dungeon
  4715 | D:5      | Reached skill level 5 in Spellcasting
  4747 | D:5      | Reached XP level 7. HP: 40/40 MP: 12/16
  4953 | D:5      | Reached skill level 5 in Fire Magic
  5203 | D:5      | Reached skill level 5 in Dodging
  5694 | D:4      | Reached skill level 6 in Spellcasting
  5801 | D:6      | Found a staircase to the Ecumenical Temple.
  5815 | D:6      | Reached XP level 8. HP: 39/46 MP: 17/19
  5820 | Temple   | Entered the Ecumenical Temple
  6086 | Temple   | Became a worshipper of Vehumet
  6971 | D:6      | Found a stormy altar of Qazlal.
  6998 | D:6      | Reached skill level 5 in Conjurations
  7128 | D:6      | Reached skill level 7 in Spellcasting
  7163 | D:6      | Reached * piety under Vehumet
  7163 | D:6      | Offered knowledge of Shock by Vehumet.
  7685 | D:6      | Reached XP level 9. HP: 37/52 MP: 19/22
  7882 | D:7      | Learned a level 4 spell: Petrify
  7973 | D:7      | Found Woikkytu's Magic Scroll Emporium.
  7981 | D:7      | Bought a scroll of immolation for 56 gold pieces
  7981 | D:7      | Bought a scroll of amnesia for 56 gold pieces
  7981 | D:7      | Bought a scroll of fog for 32 gold pieces
  7981 | D:7      | Bought a scroll of teleportation for 48 gold pieces
  8122 | D:7      | Learned a level 2 spell: Blink
  8147 | D:7      | Learned a level 3 spell: Mephitic Cloud
  8952 | D:7      | Reached skill level 1 in Earth Magic
  8973 | D:7      | Reached skill level 1 in Transmutations
  9291 | D:7      | Reached skill level 1 in Translocations
 10000 | D:8      | Found a hide-covered altar of Uskayaw.
 10003 | D:8      | Found a glowing silver altar of Zin.
 10098 | D:8      | Reached skill level 8 in Spellcasting
 10472 | D:6      | Offered knowledge of Sandblast by Vehumet.
 10473 | D:6      | Reached skill level 1 in Armour
 10756 | D:8      | Reached ** piety under Vehumet
 11063 | D:8      | Noticed a gargoyle
 11591 | D:8      | Found a shimmering blue altar of Sif Muna.
 11718 | D:8      | Identified Sif Muna's Reference Book on the Mountains
 11721 | D:8      | Noticed a troll
 11761 | D:8      | Killed a troll
 12169 | D:8      | Found a bloodstained altar of Trog.
 12351 | D:9      | Reached XP level 10. HP: 58/58 MP: 17/24
 12427 | D:9      | Found Waukivub's Weapon Shoppe.
 12430 | D:9      | Noticed Psyche
 12432 | D:9      | Killed Psyche
 12433 | D:9      | Reached skill level 5 in Fighting
 12485 | D:9      | Found a shadowy altar of Dithmenos.
 12487 | D:9      | Found a hazy altar of Hepliaklqana.
 12857 | D:9      | Found a staircase to the Lair.
 12898 | D:9      | Learned a level 2 spell: Swiftness
 12904 | D:9      | Learned a level 5 spell: Lightning Bolt
 13144 | D:9      | Found an opulent altar of Gozag.
 13281 | D:10     | Entered Level 10 of the Dungeon
 13357 | D:10     | Offered knowledge of Dazzling Flash by Vehumet.
 13519 | D:10     | Reached *** piety under Vehumet
 13565 | D:10     | Reached skill level 9 in Spellcasting
 13658 | D:10     | Found a staircase to the Orcish Mines.
 13760 | D:10     | Offered knowledge of Stone Arrow by Vehumet.
 13830 | D:10     | Noticed a centaur warrior
 13840 | D:10     | Killed a centaur warrior
 13865 | D:10     | Noticed a two-headed ogre
 14058 | D:10     | Killed a two-headed ogre
 14253 | D:10     | Noticed a deep elf mage
 14263 | D:10     | Killed a deep elf mage
 14367 | D:10     | Got a scorched spear
 14499 | D:10     | Identified the +2 spear "Jacsauval" {freeze, Dex+4} (You
                  | found it on level 10 of the Dungeon)
 15014 | D:11     | Reached XP level 11. HP: 64/64 MP: 13/26
 15233 | D:11     | Reached **** piety under Vehumet
 15237 | D:11     | Offered knowledge of Lee's Rapid Deconstruction by Vehumet.
 15610 | D:11     | Noticed a seven-headed hydra
 15793 | D:11     | Killed a seven-headed hydra
 15794 | D:11     | Reached skill level 5 in Armour
 15794 | D:11     | Reached skill level 5 in Earth Magic
 16280 | D:7      | Bought a scroll of summoning for 152 gold pieces
 16280 | D:7      | Bought a scroll of identify for 32 gold pieces
 16280 | D:7      | Bought a scroll of enchant weapon for 120 gold pieces
 16280 | D:7      | Bought a scroll of identify for 32 gold pieces
 16280 | D:7      | Bought a scroll of teleportation for 48 gold pieces
 16538 | D:11     | Noticed a brown ugly thing
 16542 | D:11     | Killed a brown ugly thing
 16543 | D:11     | Reached skill level 10 in Spellcasting
 16806 | D:11     | Killed an unseen horror
 17050 | D:11     | Reached skill level 1 in Shields
 17210 | D:11     | Noticed an orc knight
 17232 | D:11     | Killed an orc knight
 17689 | D:12     | Noticed a skeletal warrior
 17689 | D:12     | Noticed a skeletal warrior
 17698 | D:11     | Killed an unseen horror
 17873 | Lair:1   | Entered Level 1 of the Lair of Beasts
 18074 | D:12     | Noticed Nessos
 18074 | D:12     | Noticed a seven-headed hydra
 18351 | Lair:1   | Noticed Erica
 18478 | Lair:1   | Killed Erica
 18738 | Lair:1   | Noticed a five-headed hydra
 18765 | Lair:1   | Killed a five-headed hydra
 18877 | Lair:1   | Reached skill level 10 in Dodging
 18878 | Lair:1   | Reached XP level 12. HP: 59/71 MP: 11/28
 19106 | Lair:1   | Found a runed translucent gate.
 19107 | Lair:1   | Found a runed translucent gate.
 19108 | Lair:1   | Found a runed translucent gate.
 19110 | Lair:1   | Noticed Gadrel's ghost (novice OpFi)
 19110 | Lair:1   | Noticed a 12-headed hydra
 19190 | Lair:1   | Reached skill level 11 in Spellcasting
 20172 | Lair:2   | Reached ***** piety under Vehumet
 20373 | Lair:2   | Noticed a boulder beetle
 20553 | Lair:2   | Offered knowledge of Iskenderun's Mystic Blast by Vehumet.
 20582 | Lair:2   | Noticed a catoblepas
 20605 | Lair:2   | Reached skill level 10 in Fire Magic
 21010 | Lair:2   | Killed a catoblepas
 21338 | Lair:2   | Reached skill level 5 in Stealth
 21502 | Lair:1   | Learned a level 4 spell: Olgreb's Toxic Radiance
 21506 | Lair:1   | Learned a level 3 spell: Ignite Poison
 21524 | Lair:2   | Killed a boulder beetle
 21727 | Lair:3   | Noticed a five-headed hydra
 21730 | Lair:3   | Killed a five-headed hydra
 21731 | Lair:3   | Reached skill level 1 in Poison Magic
 21934 | Lair:3   | Found a staircase to the Swamp.
 22006 | Lair:3   | Reached skill level 12 in Spellcasting
 22791 | Lair:3   | Noticed a boulder beetle
 22810 | Lair:3   | Killed a boulder beetle
 22811 | Lair:3   | Reached XP level 13. HP: 76/78 MP: 15/31
 23879 | Lair:4   | Found a staircase to the Snake Pit.
 25094 | Lair:6   | Entered Level 6 of the Lair of Beasts
 25312 | Lair:6   | Noticed an entropy weaver
 25569 | Lair:5   | Killed an entropy weaver
 25900 | Lair:6   | Offered knowledge of Fulminant Prism by Vehumet.
 26794 | Lair:6   | Reached skill level 13 in Spellcasting
 26795 | Lair:6   | Reached skill level 10 in Conjurations
 27154 | Lair:6   | Noticed an entropy weaver
 27159 | Lair:6   | Killed an entropy weaver
 27298 | Lair:6   | Found a staircase to the Slime Pits.
 27450 | Lair:6   | Reached XP level 14. HP: 84/84 MP: 2/33
 29351 | Lair:1   | Killed Gadrel's ghost
 29628 | D:11     | Offered knowledge of Conjure Ball Lightning by Vehumet.
 29952 | Orc:1    | Entered Level 1 of the Orcish Mines
 29961 | Orc:1    | Identified the +5 double sword "Qeuj" {flame, rC+ Will-
                  | Int+4}
 29961 | Orc:1    | Noticed an orc warlord
 30053 | D:10     | Learned a level 6 spell: Conjure Ball Lightning
 30203 | Swamp:1  | Entered Level 1 of the Swamp
 30424 | Orc:1    | Noticed OhItsWolfy's ghost (journeyman HOFi)
 30424 | Orc:1    | Identified the +7 great sword "Ocresk" {antimagic, rPois
                  | rF+ rC+++ Dex-4}
 30701 | Orc:1    | Identified the +3 demon trident of the Apocalypse
                  | {antimagic, *Slow Str+5 Dex+6}
 30895 | Orc:1    | Reached skill level 1 in Air Magic
 31045 | Orc:1    | Found a bloodstained altar of Trog.
 31053 | Orc:1    | Found a transporter.
 31061 | Orc:1    | Found a transporter.
 31970 | Orc:2    | Entered Level 2 of the Orcish Mines
 32126 | Orc:2    | Offered knowledge of Bolt of Magma by Vehumet.
 32353 | Orc:2    | Reached skill level 5 in Shields
 32841 | Orc:2    | Found a roughly hewn altar of Beogh.
 32852 | Orc:2    | Found Viosiqughi's Gadget Shoppe.
 32852 | Orc:2    | Found Cugaeqim's Jewellery Boutique.
 32895 | Orc:2    | Bought a cursed ring of teleportation for 58 gold pieces
 32895 | Orc:2    | Bought a cursed amulet of inaccuracy for 26 gold pieces
 33077 | Orc:2    | Found a staircase to the Elven Halls.
 33920 | Orc:2    | Found Ohukh's Book Shoppe.
 33920 | Orc:2    | Found Tyla's Armour Boutique.
 34173 | Orc:2    | Bought the ring "Okoucku" {rN+ Str+4 Int+4 SInv} for 559
                  | gold pieces
 34177 | Orc:2    | Bought an uncursed amulet of magic regeneration for 390
                  | gold pieces
 34497 | D:12     | Killed Nessos
 34772 | D:12     | Reached XP level 15. HP: 90/90 MP: 21/34
 34774 | D:12     | Reached skill level 14 in Spellcasting
 34834 | D:12     | Offered knowledge of Irradiate by Vehumet.
 34970 | D:12     | Identified a scroll of acquirement
 34971 | D:12     | Acquired 1050 gold pieces
 35493 | D:13     | Found a gate leading to a gauntlet.
 35510 | Gauntlet | Entered a Gauntlet
 35510 | Gauntlet | Found a large runed translucent door.
 35510 | Gauntlet | Found a large runed translucent door.
 35510 | Gauntlet | Found a large runed translucent door.
 35510 | Gauntlet | Found a large runed translucent door.
 35510 | Gauntlet | Found a runed translucent door.
 35510 | Gauntlet | Found a large runed translucent door.
 35510 | Gauntlet | Found a large runed translucent door.
 35510 | Gauntlet | Found a transporter.
 35510 | Gauntlet | Found a transporter.
 35510 | Gauntlet | Found a large runed translucent door.
 35510 | Gauntlet | Found a large runed translucent door.
 35510 | Gauntlet | Found a runed translucent gate.
 35510 | Gauntlet | Found a runed translucent gate.
 35510 | Gauntlet | Found a transporter.
 35510 | Gauntlet | Found a transporter.
 35523 | Gauntlet | Found a transporter.
 35524 | Gauntlet | Found a runed translucent gate.
 35524 | Gauntlet | Found a runed translucent door.
 35527 | Gauntlet | Found a large runed translucent door.
 35527 | Gauntlet | Found a large runed translucent door.
 35532 | Gauntlet | Found a transporter.
 35546 | Gauntlet | Found a transporter.
 35554 | Gauntlet | Found a transporter.
 35571 | Gauntlet | Found a transporter.
 35579 | Gauntlet | Found a transporter.
 35597 | Gauntlet | Found a transporter.
 35601 | Gauntlet | Found a large runed translucent door.
 35601 | Gauntlet | Found a large runed translucent door.
 35602 | Gauntlet | Found a large runed translucent door.
 35602 | Gauntlet | Found a large runed translucent door.
 35603 | Gauntlet | Found a large runed translucent door.
 35603 | Gauntlet | Found a large runed translucent door.
 35651 | Gauntlet | Found a transporter.
 35832 | Gauntlet | Got a warped bone amulet
 36157 | Gauntlet | Paralysed by a floating eye for 4 turns
 36170 | Gauntlet | Paralysed by a floating eye for 4 turns
 36406 | Gauntlet | Learned a level 1 spell: Apportation
 36541 | Gauntlet | Identified the Grimoire of Ghastly Blows and Bruises
 37030 | D:13     | Identified the amulet of Oenomania {Faith Will+ Str+4} (You
                  | found it in a Gauntlet)
 37973 | D:14     | Offered knowledge of Ozocubu's Refrigeration by Vehumet.
 38598 | D:14     | Found a gate to the Vaults.
 38637 | D:14     | Found a white marble altar of Elyvilon.
 40033 | Swamp:2  | Reached skill level 5 in Air Magic
 40726 | Swamp:3  | Reached XP level 16. HP: 97/97 MP: 29/36
 40785 | Swamp:3  | Reached skill level 10 in Stealth
 41040 | Swamp:3  | Reached skill level 10 in Fighting
 41193 | Swamp:3  | Identified the +8 dagger of Fragile Peace {venom, +Fly
                  | Str-3 Int+4 Stlth+} (You found it on level 3 of the Swamp)
 41318 | Swamp:3  | Noticed a thorn hunter
 41322 | Swamp:3  | Killed a thorn hunter
 41450 | Swamp:3  | Reached skill level 15 in Spellcasting
 41683 | Swamp:4  | Entered Level 4 of the Swamp
 41806 | Swamp:4  | Reached skill level 10 in Armour
 42357 | Swamp:4  | Noticed a thorn hunter
 42581 | Swamp:4  | Offered knowledge of Iron Shot by Vehumet.
 43282 | Swamp:4  | Noticed a thorn hunter
 43285 | Swamp:3  | Slain by a thorn hunter

Illustrated notes

Levels and vault maps discovered:
D:1:      dpeg_arrival_water_temple_mockup, layout_loops_corners
D:2:      layout_rooms, chequers_ecumenical_altar_twisty, serial_forest,
          infiniplex_forest_clump_long, infiniplex_forest_lined_room_3,
          infiniplex_forest_corner_2, infiniplex_forest_diagonal,
          infiniplex_forest_clump_tiny, infiniplex_forest_straight_1,
          infiniplex_forest_clump_curved, trog_book
D:3:      layout_rooms, uniq_robin, uniq_terence, uniq_jessica
D:4:      layout_loops_cross, chequers_mini_garden, minmay_misc_feat_room
D:5:      layout_basic
D:6:      layout_basic, minmay_temple_entry_glassed_door, grunt_qazlal_clouds
D:7:      layout_layer_cave, serial_shops, shop, minmay_manual_mullet
D:8:      layout_basic, nzn_overflow_gifts_of_might_and_magic,
          chequers_temple_overflow_statue_of_worship, kennysheep_dice
D:9:      layout_roguey, riverfiend_overflow_shadow_ancestor,
          nicolae_gozag_cash_rules_everything_around_me, lair_entry_dummy,
          serial_shops, shop, uniq_psyche
D:10:     layout_cave_pools, david_orc_4, enter_bailey_5, serial_bayou_pond_a,
          minmay_diamond_spiral
D:11:     cheibrodos_orc_bank, layout_loops_ring
D:12:     layout_cave_pools, chequers_serial_rivers_small_a, uniq_nessos
D:13:     layout_cave_pools, gauntlet_entry_generic, eino_tiny_chamber,
          kennysheep_crisscross
D:14:     lemuel_upstairs_altar, layout_basic,
          hangedman_vaults_entry_quadrant_bands, elyvilon_altar_3,
          serial_corexii_hall, corexii_hall_statues_x, corexii_hall_statues_x
Temple:   regret_index_temple_generic_petals
Lair:1:   layout_small_grid, gammafunk_ghost_hydra_chop, lemuel_fruit_tree,
          uniq_erica
Lair:2:   layout_regular_city, grunt_megastairs_5, infiniplex_staircase_pool_2
Lair:3:   layout_small_grid, swamp_mist_pool, serial_bayou_pond_a
Lair:4:   layout_hall_layers, dummy_snake_entry
Lair:5:   layout_misc_corridors, beast_lair_carwin_11
Lair:6:   grunt_lair_end_beastmaster, layout_gridlike,
          nicolae_slime_entry_slimehenge, zaba_antful_of_joy
Swamp:1:  layout_falls_marsh, evilmike_swamp_ruin_rubble_1
Swamp:2:  layout_basic_swamp, nicolae_swamp_trees_clearing, swamp_pool1
Swamp:3:  layout_basic_swamp, evilmike_swamp_ruin_wall, swamp_pool2
Swamp:4:  swamp, layout_basic_swamp, swamp_pool2, nzn_swamp_dancing_lights
Orc:1:    layout_caves, gammafunk_ghost_wrathful_warriors
Orc:2:    st_orc_town, layout_diamond_mine

Skill      XL: |  1  2  3  4  5  6  7  8  9 10 11 12 13 14 15 16 |
---------------+-------------------------------------------------+-----
Dodging        | 3 4 5 6 7 8 10 11 12 13 14 | 14.1
Stealth        | 3 6 8 9 10 | 10.6
Fighting       | 1 2 3 4 5 6 7 8 9 10 | 10.2
Conjurations   | 2 3 4 5 6 7 8 9 10 11 | 11.0
Spellcasting   | 4 5 6 7 8 9 10 12 13 14 15 | 15.2
Fire Magic     | 4 5 6 7 8 9 10 11 12 13 | 13.2
Earth Magic    | 3 4 5 |  5.0
Transmutations | 1 |  1.0
Translocations | 1 |  1.0
Armour         | 2 4 5 6 7 9 10 | 10.1
Shields        | 2 4 5 7 8 |  8.5
Poison Magic   | 2 3 |  3.0
Air Magic      | 2 5 6 |  6.0

Action                   |  1- 3 |  4- 6 |  7- 9 | 10-12 | 13-15 | 16-18 || total
-------------------------+-------+-------+-------+-------+-------+-------++-------
Melee: Dagger            |     7 |    37 |    90 |    49 |       |       ||   183
       Spear             |       |       |       |     6 |       |       ||     6
       Staff             |       |       |       |     3 |     1 |       ||     4
 Cast: Foxfire           |    76 |    68 |   198 |   114 |     7 |     1 ||   464
       Fireball          |       |       |    19 |   200 |   528 |    75 ||   822
       Mephitic Cloud    |       |       |     5 |    10 |    18 |       ||    33
       Blink             |       |       |     4 |     1 |     6 |       ||    11
       Conjure Flame     |       |       |     2 |       |       |       ||     2
       Petrify           |       |       |       |     8 |     4 |       ||    12
       Lightning Bolt    |       |       |       |     5 |    10 |     3 ||    18
       Olgreb's Toxic Ra |       |       |       |    10 |    54 |       ||    64
       Ignite Poison     |       |       |       |     2 |    27 |       ||    29
       Swiftness         |       |       |       |     1 |       |     1 ||     2
       Conjure Ball Ligh |       |       |       |       |     3 |     2 ||     5
       Apportation       |       |       |       |       |     1 |       ||     1
Evoke: Wand              |       |       |     1 |    19 |     8 |       ||    28
  Use: Scroll            |       |     6 |     9 |     9 |    11 |     3 ||    38
       Potion            |       |       |     2 |     1 |     2 |     1 ||     6
 Stab: Sleeping          |       |     2 |     2 |       |       |       ||     4
       Confused          |       |       |     1 |     1 |       |       ||     2
       Petrified         |       |       |       |    15 |       |       ||    15
Armor: Robe              |    15 |    14 |    76 |    31 |    39 |    12 ||   187
Dodge: Dodged            |    31 |    31 |   210 |   106 |   173 |    46 ||   597
Block: Other             |       |       |       |    36 |       |       ||    36
       Reflection        |       |       |       |    10 |     2 |       ||    12
       Buckler           |       |       |       |     3 |    64 |    10 ||    77
